[Event "*** Titled Tuesday Blitz"]
[Site "Chess.com"]
[Date "2018.01.02"]
[Round "2"]
[White "walkingcreep"]
[Black "Angry_Serb"]
[Result "0-1"]
[WhiteElo "2409"]
[BlackElo "2438"]
[TimeControl "180+2"]
[EndTime "13:19:22 PST"]
[Termination "Angry_Serb won by resignation"]

1. d4 d5 2. c4 e6 3. Nc3 c5 4.
cxd5 exd5 5. Nf3 Nc6 6. dxc5 d4 7. Na4 Nf6 8. a3 Be7 9. b4 Ne4 10. g3 Bf6 11. Bb2 Bf5 12. Bg2 Qd5 13. O-O Rd8 14. Nd2 O-O 15. Nxe4 Bxe4 16. Bxe4 Qxe4 17. Qd3 Qe6 18.
Rad1 Rfe8 19. Rfe1 Ne5 20. Qb5 Qh3 21. Rxd4 Nf3+ 22.
exf3 Rxe1+ 0-1

[Event "*** Titled Tuesday Blitz"]
[Site "Chess.com"]
[Date "2018.01.02"]
[Round "2"]
[White "Zufi1811"]
[Black "albi1999"]
[Result "1-0"]
[WhiteElo "2401"]
[BlackElo "2326"]
[TimeControl "180+2"]
[EndTime "13:19:33 PST"]
[Termination "Zufi1811 won by resignation"]

1. e4 e5 2. Nf3 Nc6 3. Bb5 a6 4. Ba4 Nf6 5. O-O Be7 6. Re1 b5 7.
Bb3 d6 8. c3 O-O 9. h3 Nb8 10. d4 Nbd7 11. c4 c6 12. a3 Bb7 13.
Nc3 exd4 14. Nxd4 Nc5 15. Ba2 bxc4 16. Bxc4 Nfd7 17. b4 Ne5 18. Bf1 Ne6 19. Nf5 c5 20.
Nd5 Bxd5 21. Qxd5 cxb4 22. axb4 Nc7 23. Qd1 Nc6 24. Bb2 1-0

[Event "*** Titled Tuesday Blitz"]
[Site "Chess.com"]
[Date "2018.01.02"]
[Round "2"]
[White "Robin-Side"]
[Black "theblitzchamp"]
[Result "0-1"]
[WhiteElo "2578"]
[BlackElo "2462"]
[TimeControl "180+2"]
[EndTime "13:19:35 PST"]
[Termination "theblitzchamp won by checkmate"]

1. d4 Nf6 2. Nc3 d5 3. e4 dxe4 4. f3 e3 5. Bxe3 Bf5 6. g4 Bg6 7. Nge2 e6 8. h4 h6 9. Nf4 Bh7 10. g5 Nd5 11. Ncxd5 exd5 12. g6 fxg6 13. Bd3 Qd6 14.
Qe2 Be7 15. O-O-O Nc6 16. Rdg1 O-O-O 17. Nxg6 Bxg6 18. Rxg6 Bf6 19. c3 Rde8 20. Qf2 Rhf8 21. Rhg1 Kb8 22. Bd2 a6 23. h5 Ne7 24. R6g4 Nc8 25.
Qg3 Qc6 26. Kb1 Nb6 27. Rg6 Na4 28. Bc1 Qb6 29. Ka1 Qa5 30. Bc2 Nxc3 31. Bd2 Qxa2# 0-1

[Event "*** Titled Tuesday Blitz"]
[Site "Chess.com"]
[Date "2018.01.02"]
[Round "2"]
[White "1e41-0"]
[Black "IamSchrodingersCat"]
[Result "1-0"]
[WhiteElo "2355"]
[BlackElo "2369"]
[TimeControl "180+2"]
[EndTime "13:19:41 PST"]
[Termination "1e41-0 won by checkmate"]

1. d4 Nf6 2. c4 e5 3. dxe5 Ng4 4.
Bf4 g5 5. Bg3 Bg7 6. h4 Nxe5 7.
hxg5 Nxc4 8. Nc3 Qxg5 9. e3 Nxb2 10. Qc2 Na4 11. Nb5 Bxa1 12. Nxc7+ Kf8 13. Qxa4 Qc5 14.
Nxa8 Qc1+ 15. Ke2 Qb2+ 16. Kf3 b5 17. Bd6+ Kg7 18. Qg4+ Kf6 19. Rh6# 1-0

[Event "*** Titled Tuesday Blitz"]
[Site "Chess.com"]
[Date "2018.01.02"]
[Round "2"]
[White "hypert"]
[Black "AnonymousBread"]
[Result "0-1"]
[WhiteElo "2301"]
[BlackElo "2422"]
[TimeControl "180+2"]
[EndTime "13:19:47 PST"]
[Termination "AnonymousBread won by resignation"]

1. d4 Nf6 2. c4 g6 3. Nc3 Bg7 4. e4 d6 5. h3 O-O 6. Bg5 c5 7. d5 e6 8. Bd3 exd5 9. exd5 a6 10. Nf3 Re8+ 11. Be3 Qa5 12. O-O Nbd7 13. Bf4 Ne5 14. Re1 Nfd7 15. Bf1 Nxf3+ 16. Qxf3 Ne5 17. Qg3 Bf5 18. Ne4 Nxc4 19. Bxc4 Bxe4 20. Bxd6 b5 21. Bb3 c4 22. Bc7 Qb4 23. Bd6 Qd2 24. Rad1 Qxb2 0-1

[Event "*** Titled Tuesday Blitz"]
[Site "Chess.com"]
[Date "2018.01.02"]
[Round "2"]
[White "jup1978"]
[Black "inegrepus"]
[Result "1/2-1/2"]
[WhiteElo "2205"]
[BlackElo "2121"]
[TimeControl "180+2"]
[EndTime "13:19:49 PST"]
[Termination "Game drawn by agreement"]

1. e4 c5 2. Nf3 Nc6 3. Bb5 Na5 4. O-O a6 5. Be2 Nf6 6. Nc3 d5 7. exd5 Nxd5 8. d4 e6 9. Nxd5 Qxd5 10. dxc5 Qxd1 11.
Rxd1 Bxc5 12. c3 Nc6 13. b4 Bb6 14. Bb2 Bd7 15. a3 Rd8 16. c4 O-O 17. c5 Bc7 18. Rd2 Bc8 19. Rad1 Rxd2 20. Rxd2 Rd8 21. Rxd8+ Bxd8 22. Bc3 Bf6 23. Bd2 e5 24. a4 Nd4 25. Nxd4 exd4 26. Bf3 Kf8 27. b5 axb5 28. axb5 Ke7 29. Bb4 Kd8 30. c6 bxc6 31. Bxc6 Bd7 32. Bd5 Bxb5 33.
Bxf7 Bg5 34. g3 Bc1 35. Bb3 Be2 36. f4 Be3+ 37. Kg2 d3 38. Bc4 g6 39. Be1 d2 40.
Bxd2 Bxd2 41. Bxe2 Ke7 42. Kf3 Kf6 43. Bd3 h5 44. h3 Bc3 45. g4 hxg4+ 46. hxg4 g5 47. fxg5+ Kxg5 48. Bf5 Bb2 1/2-1/2

[Event "*** Titled Tuesday Blitz"]
[Site "Chess.com"]
[Date "2018.01.02"]
[Round "2"]
[White "abruptum"]
[Black "hermionegrangermagic"]
[Result "0-1"]
[WhiteElo "2307"]
[BlackElo "2415"]
[TimeControl "180+2"]
[EndTime "13:19:52 PST"]
[Termination "hermionegrangermagic won by resignation"]

1. d4 d5 2. c4 e6 3. Nc3 Nf6 4. cxd5 exd5 5. Bg5 c6 6. Qc2 Be7 7.
e3 O-O 8. Bd3 h6 9. Bh4 Re8 10.
Nf3 Ne4 11. Bxe7 Qxe7 12. O-O Bf5 13. Nd2 Nd7 14. Bxe4 Bxe4 15. Ncxe4 dxe4 16. b4 Qxb4 17. Rab1 Qd6 18. Rxb7 c5 19. Nc4 Qc6 20. Na5 Qd5 21. Qa4 Nb6 22. Qc6 Qxc6 23. Nxc6 cxd4 24. Nxd4 Reb8 25. Re7 Re8 26. Rb7 Reb8 27. Re7 Re8 28. Rc7 Rec8 29. Rfc1 Rxc7 30. Rxc7 Rc8 31. Rxc8+ Nxc8 32. Kf1 Kf8 33. Ke1 Ke7 34. Kd2 Kd6 35. Nf5+ Ke5 36.
Nxg7 Nd6 37. g4 Kf6 38. Nh5+ Kg5 39. h3 f5 40. Ke2 fxg4 41. hxg4 Kxg4 42. Nf6+ Kg5 43.
Nd5 h5 44. Nf4 h4 45. f3 Kf5 46. Kf2 a5 47. Ke2 a4 48. Nh3 a3 49. f4 Kg4 50.
Nf2+ Kg3 51. Ke1 Kg2 52. Ke2 h3 53. Ng4 h2 54. Nxh2 Kxh2 55. Kd2 Kg3 56. Kc3 Kf3 57. Kd4 Nf5+ 58. Ke5 Nxe3 0-1

[Event "*** Titled Tuesday Blitz"]
[Site "Chess.com"]
[Date "2018.01.02"]
[Round "2"]
[White "milovanratkovic"]
[Black "ChessQueen"]
[Result "0-1"]
[WhiteElo "2460"]
[BlackElo "2611"]
[TimeControl "180+2"]
[EndTime "13:19:53 PST"]
[Termination "ChessQueen won by resignation"]

1. d4 Nf6 2. Bg5 e6 3. Nd2 c5 4. e4 cxd4 5. e5 Qa5 6. Nf3 Ng4 7. Bf4 Nc6 8. Qe2 h5 9. h3 Nh6 10. g4 Bb4 11. Bg2 b6 12. Bxh6 gxh6 13. O-O Ba6 14. Nc4 Qc5 15. Nd6+ Qxd6 16. Qxa6 Qc7 17. Nxd4 Nxd4 18.
Bxa8 hxg4 19. hxg4 Rg8 20. f3 Qxe5 21. Qc8+ Ke7 22. Qxg8 Qg3+ 23. Kh1 Qh3+ 24. Kg1 Bc5 25. Kf2 Qh2+ 0-1

[Event "*** Titled Tuesday Blitz"]
[Site "Chess.com"]
[Date "2018.01.02"]
[Round "2"]
[White "GMHess"]
[Black "Frolik67"]
[Result "1-0"]
[WhiteElo "2597"]
[BlackElo "2455"]
[TimeControl "180+2"]
[EndTime "13:20:02 PST"]
[Termination "GMHess won by resignation"]

1. d4 e6 2. e4 d5 3. Nc3 Nf6 4. Bg5 Be7 5. e5 Nfd7 6. h4 h6 7. Bxe7 Qxe7 8. Qd2 a6 9. f4 c5 10. Nf3 Nc6 11. O-O-O b5 12. dxc5 Nxc5 13. Nd4 Bb7 14. Nxc6 Bxc6 15. Ne2 Ne4 16. Qe3 Rc8 17. Kb1 a5 18. Nd4 Qc5 19. Bd3 O-O 20. g4 b4 21.
h5 Rb8 22. Bxe4 dxe4 23. g5 a4 24. gxh6 gxh6 25. Rhg1+ Kh7 26. Rg7+ Kh8 27. f5 Kxg7 28. Nxe6+ fxe6 29. Qxc5 Bd5 30. Qe7+ Kh8 31. fxe6 b3 32.
cxb3 axb3 33. axb3 Bxb3 34. Rg1 Rg8 35. Qf6+ Kh7 36.
Rg6 1-0

[Event "*** Titled Tuesday Blitz"]
[Site "Chess.com"]
[Date "2018.01.02"]
[Round "2"]
[White "Diwi89"]
[Black "kleinebeer98"]
[Result "0-1"]
[WhiteElo "2717"]
[BlackElo "2522"]
[TimeControl "180+2"]
[EndTime "13:20:03 PST"]
[Termination "kleinebeer98 won on time"]

1. e4 c5 2. Nc3 a6 3. Nge2 b5 4.
d4 cxd4 5. Nxd4 e6 6. Bd3 Qb6 7. Nb3 Bb7 8. f4 Nf6 9. Qe2 h5 10.
e5 Nd5 11. Nxd5 Bxd5 12. Be3 Qb7 13. O-O g6 14. Nc5 Qc7 15. Ne4 Be7 16. Rac1 Nc6 17. a4 Nb4 18. axb5 axb5 19. Bd4 Nxd3 20. cxd3 Qb7 21.
Nd6+ Bxd6 22. exd6 Rg8 0-1

[Event "*** Titled Tuesday Blitz"]
[Site "Chess.com"]
[Date "2018.01.02"]
[Round "2"]
[White "NewBornNow"]
[Black "Muracle"]
[Result "1-0"]
[WhiteElo "2676"]
[BlackElo "2498"]
[TimeControl "180+2"]
[EndTime "13:20:09 PST"]
[Termination "NewBornNow won by resignation"]

1. e4 g6 2. d4 Bg7 3. Nc3 d5 4. e5 c5 5. f4 f6 6. dxc5 fxe5 7.
Qxd5 Nd7 8. Bc4 Nh6 9. fxe5 Nxe5 10. Bxh6 Qxd5 11. Nxd5 Bxh6 12. Bb3 Kf8 13. Ne2 Kg7 14. O-O Bg4 15. Nd4 e6 16. Nf4 Bxf4 17. Rxf4 Bf5 18.
Bxe6 Rhe8 19. Bxf5 gxf5 20. Nxf5+ Kh8 21. Nd6 Rg8 22. Re1 Ng6 23. Rf7 Nh4 24. g3 Rg6 25. Ree7 Rd8 26. Rxh7+ Kg8 27. Rxh4 1-0

[Event "*** Titled Tuesday Blitz"]
[Site "Chess.com"]
[Date "2018.01.02"]
[Round "2"]
[White "Babbelbox"]
[Black "tomsishere"]
[Result "1-0"]
[WhiteElo "2420"]
[BlackElo "2258"]
[TimeControl "180+2"]
[EndTime "13:20:09 PST"]
[Termination "Babbelbox won by resignation"]

1. d4 Nf6 2. c4 g6 3. Nc3 d5 4. cxd5 Nxd5 5. e4 Nxc3 6. bxc3 Bg7 7. Nf3 c5 8. Rb1 O-O 9. Be2 cxd4 10. cxd4 Qa5+ 11.
Bd2 Qxa2 12. O-O Bg4 13. Rxb7 Bxf3 14. Bxf3 Bxd4 15. e5 Na6 16. Be3 Bxe3 17. fxe3 Rad8 18. Qa1 Qxa1 19. Rxa1 Nc5 20. Rxe7 a6 21. Ra5 Rc8 22. Bd5 Nd3 23. h4 Rc1+ 24. Kh2 Rc5 25. Rxc5 Nxc5 26. Ra7 Kg7 27. e6 Kf6 28. exf7 Ke5 29. Bc4 Ke4 30. Re7+ Kf5 31. Re8 Nd7 32. Be6+ 1-0

[Event "*** Titled Tuesday Blitz"]
[Site "Chess.com"]
[Date "2018.01.02"]
[Round "2"]
[White "ZEN-22"]
[Black "johnathan113"]
[Result "0-1"]
[WhiteElo "2312"]
[BlackElo "2409"]
[TimeControl "180+2"]
[EndTime "13:20:18 PST"]
[Termination "johnathan113 won by resignation"]

1. e3 g6 2. Nf3 Nf6 3. d4 Bg7 4. Nc3 O-O 5. Bd3 d6 6. h3 Nc6 7.
a3 e5 8. O-O Re8 9. Bb5 e4 10.
Nd2 d5 11. f3 Bh6 12. Nb3 exf3 13. Qxf3 Bf5 14. Bxc6 bxc6 15. g4 Bxc2 16. Nc5 Bg7 17. g5 Ne4 18. Qxf7+ Kh8 19. N3xe4 Bxe4 20. Ne6 Rxe6 21.
Qxe6 c5 22. Qg4 cxd4 23. exd4 Bxd4+ 24. Kh2 Be5+ 25. Bf4 Bxb2 26. Rab1 Bg7 27. Rb4 a5 28. Rb3 Bc2 29. Re3 d4 30. Re5 d3 31. Rf2 Qd4 32. Qg3 Rf8 33. Re7 Kg8 34. Rxg7+ Qxg7 35. Bxc7 Rxf2+ 36. Qxf2 Qxc7+ 37. Kg1 Qd7 0-1

[Event "*** Titled Tuesday Blitz"]
[Site "Chess.com"]
[Date "2018.01.02"]
[Round "2"]
[White "GMAkobianSTL"]
[Black "Blitzstream"]
[Result "1-0"]
[WhiteElo "2667"]
[BlackElo "2489"]
[TimeControl "180+2"]
[EndTime "13:20:22 PST"]
[Termination "GMAkobianSTL won by checkmate"]

1. d4 e5 2. dxe5 Nc6 3. Nf3 d6 4. Bf4 Bg4 5. exd6 cxd6 6. e3 Qb6 7. Qc1 O-O-O 8. Be2 h5 9. O-O g5 10. Bxg5 Re8 11.
Nc3 Bg7 12. Rd1 Qa5 13. Nd5 Ne5 14. b4 Qa4 15. Nxe5 Rxe5 16. Bxg4+ hxg4 17. Bf4 Reh5 18. c4 Bxa1 19. Qxa1 Qc2 20. Rc1 Qh7 21. Rd1 Rxh2 22. Bxh2 Qxh2+ 23. Kf1 Qh1+ 24. Ke2 Qh5 25. Qd4 g3+ 26.
f3 Qh2 27. Kd3 b6 28. Rd2 Qh1 29. Kc2 Rh2 30. Qg4+ Kb7 31. Qxg8 Rxg2 32. Qxf7+ Kb8 33. Qc7+ Ka8 34. Qc8# 1-0

[Event "*** Titled Tuesday Blitz"]
[Site "Chess.com"]
[Date "2018.01.02"]
[Round "2"]
[White "Aariow"]
[Black "jbj"]
[Result "1-0"]
[WhiteElo "2383"]
[BlackElo "2215"]
[TimeControl "180+2"]
[EndTime "13:20:26 PST"]
[Termination "Aariow won by checkmate"]

1. d4 Nf6 2. c4 e6 3. g3 Be7 4.
Bg2 d5 5. Nf3 O-O 6. O-O dxc4 7.
Ne5 Nc6 8. Bxc6 bxc6 9. Nxc6 Qe8 10. Nxe7+ Qxe7 11. b3 cxb3 12. Qxb3 Rd8 13. Ba3 Qd7 14. Nc3 Ba6 15. Bc5 h5 16. Rfd1 Qc6 17. f3 h4 18. e4 hxg3 19. hxg3 e5 20. Qa3 exd4 21. Bxd4 Qe6 22. Kg2 Bc8 23. Bxf6 Qh3+ 24. Kf2 Qh2+ 25. Ke3 Qh6+ 26. f4 Rxd1 27. Rxd1 Qxf6 28. Nd5 Qe6 29. Ne7+ Kf8 30. Rd8# 1-0

[Event "*** Titled Tuesday Blitz"]
[Site "Chess.com"]
[Date "2018.01.02"]
[Round "2"]
[White "BillieKimbah"]
[Black "chessdjw"]
[Result "1-0"]
[WhiteElo "2708"]
[BlackElo "2520"]
[TimeControl "180+2"]
[EndTime "13:20:27 PST"]
[Termination "BillieKimbah won by resignation"]

1. c4 c5 2. Nf3 Nc6 3. Nc3 g6 4. e3 Nf6 5. d4 cxd4 6. exd4 d5 7. cxd5 Nxd5 8. Bc4 Nb6 9. Bb3 Bg7 10. d5 Na5 11.
O-O O-O 12. h3 Nxb3 13. axb3 Bf5 14. Re1 Qd6 15. Ra5 Rfd8 16. g4 Bd7 17. Ne4 Qb8 18. Bg5 f6 19. Bh4 Bc6 20. Nc3 Qc7 21. Qe2 Nxd5 22.
Rxd5 Bxd5 23. Nxd5 Qd7 24. Nxe7+ Kh8 25. Qc4 Qd3 26.
Kg2 Qxc4 27. bxc4 a5 28. Nd5 b5 29. Bxf6 Bxf6 30. Nxf6 Kg7 31. g5 bxc4 32. Re7+ Kf8 33. Rxh7 c3 34. Ne5 1-0

[Event "*** Titled Tuesday Blitz"]
[Site "Chess.com"]
[Date "2018.01.02"]
[Round "2"]
[White "colemman"]
[Black "alpasya2009"]
[Result "1-0"]
[WhiteElo "2435"]
[BlackElo "2311"]
[TimeControl "180+2"]
[EndTime "13:20:27 PST"]
[Termination "colemman won on time"]

1. d4 Nf6 2. Nd2 d5 3. Ngf3 g6 4. e3 Bg7 5. b4 O-O 6. Bb2 a5 7. b5 b6 8. c4 dxc4 9. Bxc4 Bb7 10. O-O e6 11. a4 Nbd7 12. Qb3 Ne4 13. Nxe4 Bxe4 14. Nd2 Bb7 15. f4 Nf6 16. Nf3 Bd5 17.
Rac1 Bxc4 18. Qxc4 Nd5 19. Rfe1 Rc8 20. g3 Qd7 21. e4 Ne7 22. Red1 Rfd8 23. Ba3 h6 24.
Kg2 Kh7 25. h4 Ng8 26. Ne5 Bxe5 27. dxe5 1-0

[Event "*** Titled Tuesday Blitz"]
[Site "Chess.com"]
[Date "2018.01.02"]
[Round "2"]
[White "Goala"]
[Black "Firebullet"]
[Result "0-1"]
[WhiteElo "2269"]
[BlackElo "2446"]
[TimeControl "180+2"]
[EndTime "13:20:27 PST"]
[Termination "Firebullet won by checkmate"]

1. d4 Nf6 2. c4 g6 3. Nc3 d5 4. cxd5 Nxd5 5. e4 Nxc3 6. bxc3 Bg7 7. Be3 c5 8. Qd2 O-O 9. Nf3 Nc6 10. d5 Ne5 11. Nxe5 Bxe5 12. Bxc5 Qc7 13. Bd4 Bf4 14.
Be3 Be5 15. Rc1 b6 16. f4 Bd6 17. Be2 f6 18. O-O Bd7 19. Ba6 h5 20. Bd4 Kh7 21.
Rce1 b5 22. a4 bxa4 23. Bd3 a3 24. e5 Bc5 25. exf6 exf6 26. Qe2 Bxd4+ 27. cxd4 Bg4 28. Qe7+ Qxe7 29. Rxe7+ Kh6 30. Ra1 Rfd8 31. Rxa3 a5 32. Rb3 Rab8 33. Ra3 Rxd5 34. Be4 Rxd4 35. Rxa5 Rd1+ 36.
Kf2 Rb2+ 37. Ke3 Re2# 0-1

[Event "*** Titled Tuesday Blitz"]
[Site "Chess.com"]
[Date "2018.01.02"]
[Round "2"]
[White "comedy_of_errors"]
[Black "joppie2"]
[Result "1-0"]
[WhiteElo "2581"]
[BlackElo "2600"]
[TimeControl "180+2"]
[EndTime "13:20:41 PST"]
[Termination "comedy_of_errors won by resignation"]

1. Nf3 Nf6 2. g3 g6 3. b3 Bg7 4.
Bb2 O-O 5. Bg2 Nc6 6. O-O d6 7. d4 a5 8. c4 a4 9. Qc1 Bf5 10. Nc3 axb3 11. axb3 Na5 12. Nd2 c5 13. dxc5 dxc5 14.
Rd1 Qb6 15. Na4 Qc7 16. Bc3 Rfd8 17. Qb2 Ra6 18. Be5 Qc8 19. Bc3 Qc7 20. Be5 Qc8 21. Bc3 Bg4 22. Ne4 Rxd1+ 23. Rxd1 Nxe4 24. Bxg7 Nf6 25. Bh6 Bd7 26. Nc3 Rb6 27. Nd5 Re6 28. Nxe7+ Rxe7 29. Qxf6 1-0

[Event "*** Titled Tuesday Blitz"]
[Site "Chess.com"]
[Date "2018.01.02"]
[Round "2"]
[White "filali-oujda"]
[Black "Tash_Boy"]
[Result "0-1"]
[WhiteElo "2330"]
[BlackElo "2527"]
[TimeControl "180+2"]
[EndTime "13:20:42 PST"]
[Termination "Tash_Boy won by checkmate"]

1. e4 c5 2. Nf3 d6 3. d4 cxd4 4.
Nxd4 Nf6 5. Nd2 g6 6. c3 Bg7 7.
Be2 O-O 8. O-O Nc6 9. Kh1 e5 10. Nb5 d5 11. exd5 Nxd5 12. Ne4 Be6 13. Nc5 Qe7 14.
Nxe6 Qxe6 15. Bc4 Rad8 16. Qf3 e4 17. Qe2 Qe5 18. Bxd5 Rxd5 19. Na3 b5 20. Be3 Rfd8 21. Rad1 a6 22. Rxd5 Qxd5 23. Nc2 Qd3 24. Re1 Qxe2 25. Rxe2 f5 26. g3 Ne5 27. Bd4 Nf3 28. Bxg7 Rd1+ 29. Kg2 Rg1+ 30. Kh3 g5 31. g4 fxg4# 0-1

[Event "*** Titled Tuesday Blitz"]
[Site "Chess.com"]
[Date "2018.01.02"]
[Round "2"]
[White "Saitama_Hero"]
[Black "DrZeiss"]
[Result "1-0"]
[WhiteElo "2169"]
[BlackElo "2160"]
[TimeControl "180+2"]
[EndTime "13:20:52 PST"]
[Termination "Saitama_Hero won by resignation"]

1. d4 Nf6 2. Bg5 d5 3. Bxf6 exf6 4. e3 Bd6 5. Bd3 f5 6. Nf3 f4 7. O-O O-O 8. e4 dxe4 9. Bxe4 Nd7 10. c4 Nf6 11. Bd3 c6 12. h3 h6 13. Nc3 Be6 14.
Rc1 Re8 15. b3 b6 16. Bb1 Rc8 17. Qd3 g6 18. Rfe1 Bf5 19. Qd2 Bxb1 20. Rxb1 Qd7 21.
Rbd1 Qf5 22. Qd3 Qa5 23. Rxe8+ Rxe8 24. d5 Bb4 25. Ne2 g5 26. dxc6 Qxa2 27. Ned4 Ne4 28. Nc2 Bc5 29. Nfd4 Nd6 30. b4 Qxc2 31. Nxc2 Bxf2+ 32.
Kxf2 Re2+ 33. Kxe2 Ne4 34. Qxe4 1-0

[Event "*** Titled Tuesday Blitz"]
[Site "Chess.com"]
[Date "2018.01.02"]
[Round "2"]
[White "pedromartinez91"]
[Black "aquiles88"]
[Result "1-0"]
[WhiteElo "2215"]
[BlackElo "2056"]
[TimeControl "180+2"]
[EndTime "13:20:53 PST"]
[Termination "pedromartinez91 won by resignation"]

1. e4 Nf6 2. e5 Nd5 3. d4 d6 4. f4 dxe5 5. fxe5 Bf5 6. Nf3 e6 7. Nc3 Nb4 8. Bb5+ c6 9. Ba4 Be7 10. O-O O-O 11. Bb3 c5 12. a3 cxd4 13. Nxd4 Bc5 14.
Be3 N4c6 15. Nxf5 Bxe3+ 16. Nxe3 Qb6 17. Qe2 Nxe5 18. Kh1 Nbc6 19. Nc4 Nxc4 20. Qxc4 Na5 21. Qb4 Qxb4 22. axb4 Nxb3 23. cxb3 a6 24. b5 axb5 25.
Nxb5 Rac8 26. Rfc1 h6 27. h3 Rxc1+ 28. Rxc1 Rd8 29. Rc7 b6 30. Rb7 Rd1+ 31. Kh2 Rb1 32.
Rxb6 Rxb2 33. Nd6 f6 34. b4 e5 35. b5 Re2 36. Rb8+ Kh7 37. b6 Rd2 38. b7 Rxd6 39.
Rh8+ 1-0

[Event "*** Titled Tuesday Blitz"]
[Site "Chess.com"]
[Date "2018.01.02"]
[Round "2"]
[White "Spartakus1975"]
[Black "chito89"]
[Result "0-1"]
[WhiteElo "2579"]
[BlackElo "2601"]
[TimeControl "180+2"]
[EndTime "13:20:58 PST"]
[Termination "chito89 won by resignation"]

1. e4 g6 2. d4 Bg7 3. c3 d6 4. Nf3 Nf6 5. Bd3 O-O 6. O-O Nc6 7. h3 e5 8. Re1 Re8 9. d5 Ne7 10. c4 Nh5 11. Nc3 h6 12. Rb1 Nf4 13. Bf1 g5 14.
Nh2 Neg6 15. b4 a5 16. a3 axb4 17. axb4 Rf8 18. c5 f5 19. g3 fxe4 20. gxf4 Nxf4 21.
Re3 Qf6 22. Nxe4 Qg6 23. Rb2 Ra1 24. cxd6 cxd6 25. Ng3 Bxh3 26. Rc2 e4 27. Rc7 Be5 28.
Nxe4 Bxf1 29. Qxf1 Bd4 30. Rf3 Qxe4 31. Rxb7 Rxc1 32.
Qxc1 Ne2+ 33. Kf1 Nxc1 0-1

[Event "*** Titled Tuesday Blitz"]
[Site "Chess.com"]
[Date "2018.01.02"]
[Round "2"]
[White "Rsnr"]
[Black "Vincent_Vega95"]
[Result "1-0"]
[WhiteElo "2629"]
[BlackElo "2555"]
[TimeControl "180+2"]
[EndTime "13:21:00 PST"]
[Termination "Rsnr won on time"]

1. d4 Nf6 2. c4 g6 3. g3 Bg7 4.
Bg2 O-O 5. Nf3 d6 6. O-O Nbd7 7. Nc3 e5 8. h3 a6 9. e4 Rb8 10. Be3 exd4 11. Nxd4 Re8 12. Qc2 c5 13. Nde2 Ne5 14. Rad1 Nxc4 15. Bxc5 Qc7 16. Bd4 b5 17. Bxf6 Bxf6 18.
Nd5 Qd8 19. b3 Na3 20. Nxf6+ Qxf6 21. Qc7 Bb7 22. Rxd6 Qe5 23. Nd4 1-0

[Event "*** Titled Tuesday Blitz"]
[Site "Chess.com"]
[Date "2018.01.02"]
[Round "2"]
[White "JammyDodger91"]
[Black "LazarusIcarus"]
[Result "1-0"]
[WhiteElo "2381"]
[BlackElo "2216"]
[TimeControl "180+2"]
[EndTime "13:21:03 PST"]
[Termination "JammyDodger91 won by resignation"]

1. e4 e5 2. Nf3 Nc6 3. Bb5 a6 4. Ba4 Nf6 5. O-O b5 6. Bb3 Bb7 7. d3 Bc5 8. c3 O-O 9. Bg5 h6 10.
Bh4 d6 11. Nbd2 Bb6 12. Re1 Qe7 13. Nf1 g5 14. Bg3 Ne8 15. Ne3 Nd8 16. Nf5 Qf6 17.
h4 Ne6 18. hxg5 hxg5 19. d4 Nf4 20. Nh2 Ng7 21. Ng4 Qd8 22. Nfh6+ Kh8 23. dxe5 dxe5 24.
Qxd8 Raxd8 25. Nxf7+ Rxf7 26. Bxf7 Rf8 27. Bb3 Ngh5 28.
Kh2 Nd3 29. Nxe5 Nxf2 30. Ng6+ Kg7 31. Nxf8 Ng4+ 32. Kh3 Bc8 33. Be6 1-0

[Event "*** Titled Tuesday Blitz"]
[Site "Chess.com"]
[Date "2018.01.02"]
[Round "2"]
[White "sandager"]
[Black "angieflynn"]
[Result "1-0"]
[WhiteElo "1976"]
[BlackElo "1855"]
[TimeControl "180+2"]
[EndTime "13:21:05 PST"]
[Termination "sandager won on time"]

1. e4 e6 2. d4 d5 3. Nc3 Nf6 4. Bg5 dxe4 5. Nxe4 Be7 6. Bxf6 gxf6 7. Nf3 a6 8. Bd3 f5 9. Ng3 b5 10.
O-O Bb7 11. Re1 Nd7 12. c3 Nf6 13. Qe2 Nd5 14. Nh5 Qd6 15. a4 Nf4 16. Nxf4 Qxf4 17. axb5 Bd6 18. Ne5 Rg8 19. g3 Bxe5 20. dxe5 Bf3 21.
Qe3 Qg4 22. Rxa6 Rd8 23. Be2 Bxe2 24. Qxe2 Qg7 25. Rc6 f4 26. Rxc7 fxg3 27. fxg3 Qg5 28. b6 Rd2 29. Qe3 Qxe3+ 30. Rxe3 Rxb2 31. b7 1-0

[Event "*** Titled Tuesday Blitz"]
[Site "Chess.com"]
[Date "2018.01.02"]
[Round "2"]
[White "luisgui16"]
[Black "GM_Huschenbeth"]
[Result "0-1"]
[WhiteElo "2248"]
[BlackElo "2412"]
[TimeControl "180+2"]
[EndTime "13:21:06 PST"]
[Termination "GM_Huschenbeth won by resignation"]

1. e4 c5 2. Nf3 d6 3. d4 cxd4 4. Nxd4 Nf6 5. Nc3 a6 6. Bg5 Nbd7 7. f4 Qa5 8. Qf3 h6 9. Bh4 e5 10. Nb3 Qc7 11. f5 b5 12. Bd3 Bb7 13. O-O-O b4 14.
Nb1 a5 15. Rhe1 a4 16. N3d2 Be7 17. Nc4 d5 18. exd5 Bxd5 19. Qe2 e4 20. Nbd2 O-O 21. Bg3 exd3 22. Qxe7 Qc6 23. cxd3 Nc5 24. Kb1 Nxd3 25. Ne5 Qb5 26. Nxd3 Qxd3+ 27. Ka1 a3 28. Nb3 axb2+ 29. Kxb2 Rxa2+ 0-1

[Event "*** Titled Tuesday Blitz"]
[Site "Chess.com"]
[Date "2018.01.02"]
[Round "2"]
[White "asms9699"]
[Black "DiogenesSinopeus"]
[Result "1-0"]
[WhiteElo "2444"]
[BlackElo "2414"]
[TimeControl "180+2"]
[EndTime "13:21:09 PST"]
[Termination "asms9699 won on time"]

1. c4 c5 2. g3 g6 3. Bg2 Bg7 4. Nc3 Nc6 5. Nf3 e5 6. O-O Nge7 7. a3 O-O 8. Rb1 d5 9. cxd5 Nxd5 10. d3 Nde7 11.
b4 cxb4 12. axb4 h6 13. b5 Nd4 14. Ba3 Re8 15. e3 Ne6 16. Qb3 Nc7 17. Ne4 Be6 18. Qb2 Nc8 19. Nxe5 Bd5 20. f4 Nb6 21. Qf2 Bxe5 22.
fxe5 Rxe5 23. Nf6+ Kh8 24. Nxd5 Ncxd5 25. Bb2 Qe7 26. Qxf7 Qxf7 27. Rxf7 Kg8 28. Rbf1 Rae8 29. Bxe5 Rxe5 30. Rf8+ 1-0

[Event "*** Titled Tuesday Blitz"]
[Site "Chess.com"]
[Date "2018.01.02"]
[Round "2"]
[White "PrinceMurad09"]
[Black "Abrito99"]
[Result "0-1"]
[WhiteElo "2363"]
[BlackElo "2358"]
[TimeControl "180+2"]
[EndTime "13:21:13 PST"]
[Termination "Abrito99 won by resignation"]

1. e4 c5 2. Nf3 e6 3. g3 Nc6 4. Bg2 Nf6 5. d3 d5 6. Qe2 Be7 7. O-O O-O 8. e5 Nd7 9. h4 b5 10. Bf4 Bb7 11. Nbd2 Qb6 12. c3 Rfc8 13. h5 h6 14. Nh2 Qd8 15. Ndf3 b4 16. Ng4 Bf8 17. Qd2 Kh7 18. Rfe1 bxc3 19. bxc3 Rab8 20. Rab1 Ba6 21. Bf1 Qa5 22. Qc2 d4 23. Bd2 Qa3 24. Rxb8 Rxb8 25. cxd4 Nxd4 26. Nxd4 cxd4 27. Qc7 Qa4 28. Bg2 Bxd3 29. Bc6 Qc2 30. Bxh6 Rb1 31. Rxb1 Qxb1+ 32. Kh2 Be4 33. Bxe4+ Qxe4 34. Qxd7 Qxg4 35. Bf4 Qxh5+ 36.
Kg2 Bc5 37. Qc6 Bb6 38. Qd7 Qf5 39. a4 d3 40. Kh2 Bxf2 41. Kg2 Bb6 42. Kf3 g5 0-1

[Event "*** Titled Tuesday Blitz"]
[Site "Chess.com"]
[Date "2018.01.02"]
[Round "2"]
[White "TastyFrenchFries"]
[Black "pKiLz5Rn9b"]
[Result "1-0"]
[WhiteElo "2319"]
[BlackElo "2611"]
[TimeControl "180+2"]
[EndTime "13:21:14 PST"]
[Termination "TastyFrenchFries won on time"]

1. e4 e6 2. d4 d5 3. e5 Qd7 4. Nf3 b6 5. Be2 Ne7 6. O-O c5 7. c4 Nbc6 8. Nc3 Bb7 9. dxc5 bxc5 10. cxd5 exd5 11. Bf4 Ng6 12. Bg3 Rd8 13. Nb5 Be7 14. Nd6+ Bxd6 15. exd6 d4 16. Rc1 f5 17. Re1 O-O 18.
Bc4+ Kh8 19. Ng5 f4 20. Qh5 h6 21. Qxg6 Qf5 22. Nf7+ Rxf7 23. Bxf7 Qxg6 24. Bxg6 fxg3 25. Rxc5 gxf2+ 26. Kxf2 d3 27. d7 Rf8+ 28. Kg1 Nd4 29. Re8 Ne2+ 30. Kh1 1-0